 Dungeon Crawl Stone Soup version 0.29-a0-676-ga64570c9d2 (webtiles) character file.

Game seed: 4586641713837405877

74 fictitious the Cudgeller (level 4, -5/36 HPs)
             Began as a Meteoran Gladiator on June 25, 2022.
             Slain by a gnoll
             ... wielding a +0 halberd
              (13 damage)
             ... on level 1 of the Dungeon.
             The game lasted 00:05:27 (823 turns).

fictitious the Cudgeller (Meteoran Gladiator)        Turns: 823, Time: 00:05:28

Health: -5/36      AC:  4    Str: 16    XL:     4   Next: 84%
Magic:  14/14      EV: 13    Int: 11    God:
Gold:   32         SH:  0    Dex: 15    Spells: 3/3 levels left

rFire   . . .      SeeInvis .   a - +0 flail
rCold   . . .      Faith    .   (no shield)
rNeg    . . .      Spirit   .   c - +0 leather armour
rPois   .          Reflect  .   W - +0 helmet
rElec   .          Harm     .   (no cloak)
rCorr   .          Rampage  .   (no gloves)
Will    .....                   (no boots)
Stlth   +.........              (no amulet)
HPRegen 0.12/turn               P - ring of magical power
MPRegen 0.14/turn               (no ring)

@: glowing
A: sense surroundings 1, otherworldly, glowing, explore regen
a: no special abilities


You were on level 1 of the Dungeon.
You visited 1 branch of the dungeon, and saw 2 of its levels.

You collected 32 gold pieces.

Inventory:

Hand Weapons
 a - a +0 flail (weapon)
Missiles
 d - 3 throwing nets
 e - a javelin
 g - 3 stones (quivered)
Armour
 c - a +0 leather armour (worn)
 W - a +0 helmet (worn)
Jewellery
 P - a ring of magical power (left hand)
Scrolls
 f - 2 scrolls of enchant armour {unknown}
 i - a scroll of fog {unknown}
 j - a scroll of silence {unknown}
 k - a scroll of identify {unknown}
 l - a scroll of amnesia {unknown}
Potions
 b - 2 potions of curing {unknown}
 h - a potion of might {unknown}


   Skills:
 - Level 2.1 Fighting
 + Level 6.6 Maces & Flails
 - Level 2.4 Throwing
 - Level 3.6 Dodging


You had 3 spell levels left.
You didn't know any spells.
Your spell library was empty.

Dungeon Overview and Level Annotations

Branches:
Dungeon (2/15) Zot: 360

Altars:

Annotations:
D:2 Sigmund


Innate Abilities, Weirdness & Mutations

You passively map a small area around you.
You are easily found by Zot.
You glow in the dark.
You regain HP and MP as you explore.


Message History

There is a stone staircase leading up, spattered with blood here.
The gnoll shouts!
The gnoll hits you with a +0 halberd.
There is a stone staircase leading up, spattered with blood here.
The adder completely misses you. The gnoll closely misses you.
You climb upwards.
There is a stone staircase leading down, spattered with blood here.
The gnoll barely misses you.
Things that are here:
a +0 club; a goblin skeleton The adder misses you.
You sock the adder!
The adder is severely wounded.
The adder bites you.
The gnoll hits you from afar with a +0 halberd.
You hit the adder.
You kill the adder!
The gnoll completely misses you.
You see here a +0 club.
The gnoll barely misses you.
You hit the gnoll but do no damage. The gnoll hits you with a +0 halberd!
You hit the gnoll.
The gnoll is lightly wounded.
The gnoll misses you.
You hit the gnoll.
The gnoll is lightly wounded.
The gnoll misses you.
You barely miss the gnoll.
The gnoll is lightly wounded.
The gnoll barely misses you.
You completely miss the gnoll.
The gnoll is lightly wounded.
The gnoll hits you with a +0 halberd!
* * * LOW HITPOINT WARNING * * *
You thump the gnoll!
The gnoll is almost dead.
The gnoll hits you with a +0 halberd!
You die...

* #......#.# #.......# ,*
#.#.####.# ####.####
**,..##.. ..# #.# ##
#####+##*### #.# .# ##...##
####.##### .# ##.....##
#........# .# ##.......##
##)##.###.#
.####.........####>).#.###.#
....'.........')@g).....##.#
.####.........####...##.##.#
.# ##.......## ##........#
.# ##.....## #####.#### ##
##...## *.# ##'## * , #.# *
* #.# ##.## *


You could see a gnoll.

Vanquished Creatures
  2 gnolls (D:1)
  2 adders (D:1)
  A dart slug (D:1)
  3 endoplasms
  2 giant cockroaches
  6 goblins
  4 hobgoblins
  A quokka (D:1)
  A ball python (D:1)
  A bat (D:1)
  2 frilled lizards (D:1)
  4 kobolds
  6 rats
35 creatures vanquished.

Notes
Turn   | Place    | Note
-------+----------+-------------------------------------------
     0 | D:1      | fictitious the Meteoran Gladiator began the quest for the
                  | Orb.
     0 | D:1      | Reached XP level 1. HP: 17/17 MP: 2/2
   111 | D:1      | Found a faded altar of an unknown god.
   146 | D:1      | Reached XP level 2. HP: 23/24 MP: 3/3
   355 | D:1      | Reached skill level 5 in Maces & Flails
   389 | D:1      | Reached XP level 3. HP: 22/29 MP: 4/4
   637 | D:1      | Reached skill level 6 in Maces & Flails
   637 | D:1      | Reached XP level 4. HP: 25/36 MP: 5/5
   779 | D:2      | Noticed Sigmund
   823 | D:1      | Slain by a gnoll

Illustrated notes

Levels and vault maps discovered:
D:1:      lemuel_arrival_cross, layout_loops_corners,
          nicolae_ecumenical_lake_church, minmay_unequal
D:2:      layout_rooms, basic_altar, uniq_sigmund

Skill      XL: |  1  2  3 |
---------------+----------+-----
Maces & Flails | 5 6 |  6.6
Fighting       | |  2.1
Throwing       | |  2.4
Dodging        | |  3.6

Action                   |  1- 3 |  4- 6 || total
-------------------------+-------+-------++-------
Melee: Flail             |    87 |    33 ||   120
Throw: Stone             |    11 |     4 ||    15
       Throwing net      |     2 |       ||     2
Armor: Leather armour    |    23 |    16 ||    39
Dodge: Dodged            |    51 |    37 ||    88

Table legend: (Time is in decaauts)
 A = Elapsed time spent in this place.
 B = Non-inter-level travel time spent in this place.
 C = Inter-level travel time spent in this place.
 D = Time resting spent in this place.
 E = Time spent auto-exploring this place.
 F = Levels seen in this place.
 G = Mean time per level.
                   A        B        C        D        E       F      G
               +--------+--------+--------+--------+--------+-----+--------+
         Total |    838 |    818 |     20 |      0 |      0 |   2 |  419.0 |
       Dungeon |    838 |    818 |     20 |      0 |      0 |   2 |  419.0 |
               +--------+--------+--------+--------+--------+-----+--------+

Top non-repeatable levels by time:
     D:1: 660 daAuts
     D:2: 177 daAuts
